TOP OF THE 1ST |
Baffin Island Beavers batting - Pitching for So Cal Henvy : RHP Flint Gray
|
Pitching: RHP Flint Gray
|
|
Batting: LHB Chris Bates
|
0-0: Ball 1-0: Called Strike 1-1: SINGLE (Groundball, 4MD)
|
Batting: SHB Alonso Ferreira
|
0-0: Ball 1-0: SINGLE (Line Drive, 9LS) Chris Bates to second Runner from 2nd tries for 3rd, SAFE, no throw
|
Batting: LHB Mario García
|
0-0: Ground out U3 (Groundball, 3L) Chris Bates scores Alonso Ferreira to second
|
Batting: LHB Lorenzo Villa
|
0-0: Ball 1-0: Swinging Strike 1-1: Swinging Strike 1-2: Foul Ball, location: 2F 1-2: SINGLE (Groundball, 3S) (infield hit) Alonso Ferreira to third
|
Batting: RHB Tony Morton
|
0-0: Swinging Strike 0-1: Swinging Strike 0-2: Ball 1-2: Ground out 5-3 (Groundball, 56S) Alonso Ferreira scores Lorenzo Villa to second
|
Batting: RHB Dave Craig
|
0-0: Ball 1-0: Called Strike 1-1: Ball 2-1: Foul Ball, location: 2F 2-2: Foul Ball, location: 2F 2-2: Ball 3-2: Strikes out swinging
|
Top of the 1st over - 2 run(s), 3 hit(s), 0 error(s), 1 left on base; Baffin Island 2 - So Cal 0 |
BOTTOM OF THE 1ST |
So Cal Henvy batting - Pitching for Baffin Island Beavers : RHP Jesse Little
|
Pitching: RHP Jesse Little
|
|
Batting: RHB Fernando Gálvez
|
0-0: Foul Ball, location: 2F 0-1: Ball 1-1: Foul Ball, location: 2F 1-2: Foul Ball, location: 2F 1-2: Foul Ball, location: 2F 1-2: Strikes out swinging
|
Batting: RHB William Richardson
|
0-0: Swinging Strike 0-1: Foul Ball, location: 2F 0-2: Ball 1-2: Ball 2-2: Strikes out looking
|
Batting: LHB César Valentín
|
0-0: Ball 1-0: Ball 2-0: Foul Ball, location: 2F 2-1: Foul Ball, location: 2F 2-2: Foul Ball, location: 2F 2-2: Foul Ball, location: 2F 2-2: Foul Ball, location: 2F 2-2: Foul Ball, location: 2F 2-2: Ball 3-2: Foul Ball, location: 2F 3-2: DOUBLE (Groundball, 3L)
|
Batting: RHB Earl Wiggins
|
0-0: Ball 1-0: Swinging Strike 1-1: Foul Ball, location: 2F 1-2: Foul Ball, location: 2F 1-2: Ball 2-2: Strikes out swinging
|
Bottom of the 1st over - 0 run(s), 1 hit(s), 0 error(s), 1 left on base; Baffin Island 2 - So Cal 0 |
TOP OF THE 2ND |
Baffin Island Beavers batting - Pitching for So Cal Henvy : RHP Flint Gray
|
Batting: RHB Mario López
|
0-0: Ground out 6-3 (Groundball, 6)
|
Batting: LHB Mike MacFadden
|
0-0: Called Strike 0-1: Ball 1-1: Called Strike 1-2: Reached on error, E4 (Groundball, 4)
|
Batting: LHB Norberto Muńóz
|
0-0: Ball 1-0: SINGLE (Groundball, 34) (infield hit) Mike MacFadden to second
|
Batting: LHB Chris Bates
|
0-0: Foul Ball, location: 2F 0-1: Foul Ball, location: 2F 0-2: Foul Ball, location: 2F 0-2: Fielders Choice at 2nd, 4-6 (Groundball, 4) Mike MacFadden to third
|
Batting: SHB Alonso Ferreira
|
0-0: Called Strike 0-1: Ball 1-1: Swinging Strike 1-2: Ball 2-2: SINGLE (Line Drive, 4MD) Mike MacFadden scores Chris Bates to second
|
Batting: LHB Mario García
|
0-0: Ball 1-0: Foul Ball, location: 2F 1-1: Fielders Choice at 2nd, 6-4 (Groundball, 6)
|
Top of the 2nd over - 1 run(s), 2 hit(s), 1 error(s), 1 left on base; Baffin Island 3 - So Cal 0 |
BOTTOM OF THE 2ND |
So Cal Henvy batting - Pitching for Baffin Island Beavers : RHP Jesse Little
|
Batting: LHB José Antonio Santiago
|
0-0: Called Strike 0-1: Swinging Strike 0-2: Strikes out swinging
|
Batting: RHB Rubén Calderón
|
0-0: Ball 1-0: Ball 2-0: Called Strike 2-1: Foul Ball, location: 2F 2-2: Strikes out looking
|
Batting: SHB Miguel González
|
0-0: Called Strike 0-1: Swinging Strike 0-2: Ball 1-2: Ball 2-2: Ball 3-2: Fly out, F5 (Line Drive, 5)
|
Bottom of the 2nd over - 0 run(s), 0 hit(s), 0 error(s), 0 left on base; Baffin Island 3 - So Cal 0 |
TOP OF THE 3RD |
Baffin Island Beavers batting - Pitching for So Cal Henvy : RHP Flint Gray
|
Batting: LHB Lorenzo Villa
|
0-0: Ball 1-0: Ball 2-0: Ball 3-0: Called Strike 3-1: Called Strike 3-2: Base on Balls
|
Batting: RHB Tony Morton
|
0-0: Called Strike 0-1: Ball 1-1: Foul Ball, location: 2F 1-2: Ball 2-2: Grounds into double play, 6-4-3 (Groundball, 6)
|
Batting: RHB Dave Craig
|
0-0: Foul Ball, location: 2F 0-1: Ball 1-1: Called Strike 1-2: Foul Ball, location: 2F 1-2: Strikes out swinging
|
Top of the 3rd over - 0 run(s), 0 hit(s), 0 error(s), 0 left on base; Baffin Island 3 - So Cal 0 |
BOTTOM OF THE 3RD |
So Cal Henvy batting - Pitching for Baffin Island Beavers : RHP Jesse Little
|
Batting: RHB Greg Handrahan
|
0-0: Swinging Strike 0-1: Ball 1-1: Ball 2-1: Called Strike 2-2: Ground out 1-3 (Groundball, P)
|
Batting: RHB Morgan Gibbon
|
0-0: SOLO HOME RUN (Flyball, 9D), Distance : 356 ft
|
Batting: RHB Fernando Gálvez
|
0-0: Ball 1-0: Reached on error, E6 (Groundball, 6M)
|
Batting: RHB William Richardson
|
0-0: Called Strike 0-1: Swinging Strike 0-2: Strikes out looking
|
Batting: LHB César Valentín
|
0-0: Called Strike 0-1: Ground out U3 (Groundball, 3)
|
Bottom of the 3rd over - 1 run(s), 1 hit(s), 1 error(s), 1 left on base; Baffin Island 3 - So Cal 1 |
TOP OF THE 4TH |
Baffin Island Beavers batting - Pitching for So Cal Henvy : RHP Flint Gray
|
Batting: RHB Mario López
|
0-0: Ground out 6-3 (Groundball, 6)
|
Batting: LHB Mike MacFadden
|
0-0: Swinging Strike 0-1: Swinging Strike 0-2: SINGLE (Groundball, 4MD)
|
Batting: LHB Norberto Muńóz
|
0-0: Called Strike 0-1: Ball 1-1: Swinging Strike 1-2: Foul Ball, location: 2F 1-2: Foul Ball, location: 2F 1-2: Ball 2-2: Ball 3-2: Fly out, F9 (Flyball, 89D)
|
Batting: LHB Chris Bates
|
0-0: Ball 1-0: Called Strike 1-1: Ball 2-1: Ball 3-1: Swinging Strike 3-2: Base on Balls Mike MacFadden to second
|
Batting: SHB Alonso Ferreira
|
0-0: Ball 1-0: 3-RUN HOME RUN (Line Drive, 7LD), Distance : 345 ft
|
Batting: LHB Mario García
|
0-0: Ball 1-0: Called Strike 1-1: Ground out 4-3 (Groundball, 4)
|
Top of the 4th over - 3 run(s), 2 hit(s), 0 error(s), 0 left on base; Baffin Island 6 - So Cal 1 |
BOTTOM OF THE 4TH |
So Cal Henvy batting - Pitching for Baffin Island Beavers : RHP Jesse Little
|
Batting: RHB Earl Wiggins
|
0-0: Ball 1-0: Called Strike 1-1: Ball 2-1: SINGLE (Groundball, 56D)
|
Batting: LHB José Antonio Santiago
|
0-0: Called Strike 0-1: Ball 1-1: Ball 2-1: Fielders Choice at 2nd, 4-6 (Groundball, 4)
|
Batting: RHB Rubén Calderón
|
0-0: Ball 1-0: Called Strike 1-1: Foul Ball, location: 2F 1-2: Foul Ball, location: 2F 1-2: Ball 2-2: Grounds into double play, 6-4-3 (Groundball, 6)
|
Bottom of the 4th over - 0 run(s), 1 hit(s), 0 error(s), 0 left on base; Baffin Island 6 - So Cal 1 |
TOP OF THE 5TH |
Baffin Island Beavers batting - Pitching for So Cal Henvy : RHP Flint Gray
|
Pitching: RHP Terry Adams
|
|
Batting: LHB Lorenzo Villa
|
0-0: Foul Ball, location: 2F 0-1: Ball 1-1: SOLO HOME RUN (Flyball, 8RXD), Distance : 430 ft
|
Batting: RHB Tony Morton
|
0-0: Called Strike 0-1: Ball 1-1: Ball 2-1: SINGLE (Groundball, 34D)
|
Batting: RHB Dave Craig
|
0-0: Fly out, F5 (Line Drive, 56)
|
Batting: RHB Mario López
|
0-0: Called Strike 0-1: Fly out, F9 (Flyball, 9S)
|
Batting: LHB Mike MacFadden
|
0-0: Ball 1-0: Ball 2-0: Ball 3-0: SINGLE (Line Drive, 7S) Tony Morton to second
|
Batting: LHB Norberto Muńóz
|
0-0: SINGLE (Flyball, 7S) Tony Morton to third Mike MacFadden to second Runner from 3rd tries for Home, SAFE, no throw
|
Batting: LHB Chris Bates
|
0-0: Ball 1-0: Called Strike 1-1: Foul Ball, location: 2F 1-2: Foul Ball, location: 2F 1-2: Foul Ball, location: 2F 1-2: Foul Ball, location: 2F 1-2: SINGLE (Groundball, 6M) (infield hit) Mike MacFadden to third Norberto Muńóz to second
|
Batting: SHB Alonso Ferreira
|
0-0: Called Strike 0-1: Foul Ball, location: 2F 0-2: SINGLE (Groundball, 34D) Mike MacFadden scores Norberto Muńóz to third Chris Bates to second Runner from 3rd tries for Home, SAFE, throw made at trailing runner, SAFE at third!
|
Pitching: LHP Stanley Inman
|
|
Batting: LHB Mario García
|
0-0: Swinging Strike 0-1: Foul Ball, location: 2F 0-2: Foul Ball, location: 2F 0-2: Strikes out swinging
|
Top of the 5th over - 4 run(s), 6 hit(s), 0 error(s), 2 left on base; Baffin Island 10 - So Cal 1 |
BOTTOM OF THE 5TH |
So Cal Henvy batting - Pitching for Baffin Island Beavers : RHP Jesse Little
|
Batting: SHB Miguel González
|
0-0: Fly out, F4 (Popup, 3D)
|
Batting: RHB Greg Handrahan
|
0-0: Ball 1-0: Ball 2-0: Ball 3-0: Called Strike 3-1: Ground out 5-3 (Groundball, 56S)
|
Batting: RHB Morgan Gibbon
|
0-0: Ball 1-0: Ball 2-0: Ball 3-0: Called Strike 3-1: Base on Balls
|
Batting: RHB Fernando Gálvez
|
0-0: Ball 1-0: Ground out 4-3 (Groundball, 4M)
|
Bottom of the 5th over - 0 run(s), 0 hit(s), 0 error(s), 1 left on base; Baffin Island 10 - So Cal 1 |
TOP OF THE 6TH |
Baffin Island Beavers batting - Pitching for So Cal Henvy : LHP Stanley Inman
|
Batting: LHB Lorenzo Villa
|
0-0: Ball 1-0: Ball 2-0: DOUBLE (Flyball, 9LM)
|
Batting: RHB Tony Morton
|
0-0: Called Strike 0-1: Ball 1-1: DOUBLE (Line Drive, 7LM) Lorenzo Villa scores
|
Batting: RHB Dave Craig
|
0-0: Ball 1-0: Foul Ball, location: 2F 1-1: Foul Ball, location: 2F 1-2: Ball Wild Pitch! Tony Morton to third 2-2: Foul Ball, location: 2F 2-2: Ball 3-2: Base on Balls
|
Batting: RHB Mario López
|
0-0: Ball 1-0: Ball 2-0: Called Strike 2-1: Fly out, F9 (Flyball, 9S) Runner from 3rd tags up, SCORES, throw made
|
Batting: LHB Mike MacFadden
|
0-0: Foul Ball, location: 2F 0-1: Ball 1-1: Swinging Strike 1-2: Strikes out looking
|
Batting: LHB Norberto Muńóz
|
0-0: Swinging Strike 0-1: DOUBLE (Groundball, 3L) Dave Craig to third
|
Batting: LHB Chris Bates
|
0-0: Called Strike 0-1: Ball 1-1: Ball 2-1: Ball 3-1: SINGLE (Flyball, 89S) Dave Craig scores Norberto Muńóz to third Runner from 3rd tries for Home, SAFE, no throw
|
Pitching: LHP Keith Swanson
|
|
Batting: SHB Alonso Ferreira
|
0-0: Ball 1-0: Ball Wild Pitch! Chris Bates to second 2-0: Foul Ball, location: 2F 2-1: Foul Ball, location: 2F 2-2: Ball 3-2: Ground out 3-1 (Groundball, 34)
|
Top of the 6th over - 4 run(s), 4 hit(s), 0 error(s), 1 left on base; Baffin Island 14 - So Cal 1 |
BOTTOM OF THE 6TH |
So Cal Henvy batting - Pitching for Baffin Island Beavers : RHP Jesse Little
|
Batting: RHB William Richardson
|
0-0: Ground out 4-3 (Groundball, 34)
|
Batting: LHB César Valentín
|
0-0: Fly out, F6 (Popup, 6D)
|
Batting: RHB Earl Wiggins
|
0-0: Ball 1-0: Ball 2-0: Ball 3-0: Base on Balls
|
Batting: LHB José Antonio Santiago
|
0-0: Called Strike 0-1: Fielders Choice at 2nd, 4-6 (Groundball, 4D)
|
Bottom of the 6th over - 0 run(s), 0 hit(s), 0 error(s), 0 left on base; Baffin Island 14 - So Cal 1 |
TOP OF THE 7TH |
Baffin Island Beavers batting - Pitching for So Cal Henvy : LHP Keith Swanson
|
Batting: LHB Mario García
|
0-0: Swinging Strike 0-1: Foul Ball, location: 2F 0-2: Ball 1-2: Ball 2-2: Strikes out looking
|
Batting: LHB Lorenzo Villa
|
0-0: DOUBLE (Flyball, 8RXD)
|
Batting: RHB Tony Morton
|
0-0: Ball 1-0: Ground out 4-3 (Groundball, 4) Lorenzo Villa to third
|
Batting: RHB Dave Craig
|
0-0: Called Strike 0-1: Ball 1-1: Called Strike 1-2: Ball 2-2: Strikes out swinging
|
Top of the 7th over - 0 run(s), 1 hit(s), 0 error(s), 1 left on base; Baffin Island 14 - So Cal 1 |
BOTTOM OF THE 7TH |
So Cal Henvy batting - Pitching for Baffin Island Beavers : RHP Jesse Little
|
Batting: RHB Rubén Calderón
|
0-0: Ball 1-0: Fly out, F9 (Flyball, 9D)
|
Batting: SHB Miguel González
|
0-0: Swinging Strike 0-1: Called Strike 0-2: Ball 1-2: Ball 2-2: Foul Ball, location: 2F 2-2: Ground out U3 (Groundball, 3L)
|
Batting: RHB Greg Handrahan
|
0-0: Ball 1-0: Ground out 1-3 (Groundball, P)
|
Bottom of the 7th over - 0 run(s), 0 hit(s), 0 error(s), 0 left on base; Baffin Island 14 - So Cal 1 |
TOP OF THE 8TH |
Baffin Island Beavers batting - Pitching for So Cal Henvy : LHP Keith Swanson
|
Batting: RHB Mario López
|
0-0: Swinging Strike 0-1: Foul Ball, location: 2F 0-2: Foul Ball, location: 2F 0-2: SINGLE (Groundball, 4D)
|
Batting: LHB Mike MacFadden
|
0-0: Ball 1-0: Ball 2-0: Called Strike 2-1: Ball 3-1: Called Strike 3-2: Strikes out swinging Mario López steals 2nd base Batter strikes out.
|
Batting: LHB Norberto Muńóz
|
0-0: Ball 1-0: SINGLE (Line Drive, 89M) Mario López to third
|
Batting: LHB Chris Bates
|
0-0: Ball 1-0: Ball 2-0: Ball 3-0: Foul Ball, location: 2F 3-1: SINGLE (Flyball, 6MD) Mario López scores Norberto Muńóz to second Runner from 2nd tries for 3rd, OUT!
|
Batting: SHB Alonso Ferreira
|
0-0: Foul Ball, location: 2F 0-1: Ball 1-1: Ball 2-1: Swinging Strike 2-2: Foul Ball, location: 2F 2-2: Ground out 3-1 (Groundball, 34)
|
Top of the 8th over - 1 run(s), 3 hit(s), 0 error(s), 1 left on base; Baffin Island 15 - So Cal 1 |
BOTTOM OF THE 8TH |
So Cal Henvy batting - Pitching for Baffin Island Beavers : RHP Jesse Little
|
Pitching: RHP Luis Féliz
|
|
Batting: RHB Morgan Gibbon
|
0-0: Ball 1-0: Ball 2-0: Fly out, F5 (Popup, 56S)
|
Batting: RHB Fernando Gálvez
|
0-0: Called Strike 0-1: Ball 1-1: Ball 2-1: Foul Ball, location: 2F 2-2: Foul Ball, location: 2F 2-2: Ground out 6-3 (Groundball, 6)
|
Batting: RHB William Richardson
|
0-0: Ball 1-0: Ball 2-0: Called Strike 2-1: Ball 3-1: SINGLE (Groundball, 6MD)
|
Batting: LHB César Valentín
|
0-0: Fly out, F8 (Line Drive, 78D)
|
Bottom of the 8th over - 0 run(s), 1 hit(s), 0 error(s), 1 left on base; Baffin Island 15 - So Cal 1 |
TOP OF THE 9TH |
Baffin Island Beavers batting - Pitching for So Cal Henvy : LHP Keith Swanson
|
Batting: LHB Mario García
|
0-0: Called Strike 0-1: Ball 1-1: Called Strike 1-2: Fly out, F8 (Flyball, 8LM)
|
Batting: LHB Lorenzo Villa
|
0-0: Ground out U3 (Groundball, 3L)
|
Batting: RHB Tony Morton
|
0-0: Ball 1-0: Ball 2-0: SOLO HOME RUN (Flyball, 7LD), Distance : 348 ft
|
Batting: RHB Dave Craig
|
0-0: Ball 1-0: Ball 2-0: Ground out 6-3 (Groundball, 6)
|
Top of the 9th over - 1 run(s), 1 hit(s), 0 error(s), 0 left on base; Baffin Island 16 - So Cal 1 |
BOTTOM OF THE 9TH |
So Cal Henvy batting - Pitching for Baffin Island Beavers : RHP Luis Féliz
|
Batting: RHB Earl Wiggins
|
0-0: Ball 1-0: Ball 2-0: Swinging Strike 2-1: Called Strike 2-2: Ball 3-2: Foul Ball, location: 2F 3-2: Strikes out swinging
|
Batting: LHB José Antonio Santiago
|
0-0: Called Strike 0-1: SOLO HOME RUN (Line Drive, 89XD), Distance : 436 ft
|
Batting: RHB Rubén Calderón
|
0-0: Swinging Strike 0-1: Ball 1-1: Foul Ball, location: 2F 1-2: SINGLE (Groundball, 6MD)
|
Batting: SHB Miguel González
|
0-0: Ball 1-0: Swinging Strike 1-1: Ball 2-1: Ball 3-1: Base on Balls Rubén Calderón to second
|
Batting: RHB Greg Handrahan
|
0-0: Swinging Strike 0-1: Ball 1-1: Swinging Strike 1-2: Strikes out swinging
|
Batting: RHB Morgan Gibbon
|
0-0: Called Strike 0-1: Ball 1-1: Ball 2-1: Foul Ball, location: 2F 2-2: SINGLE (Groundball, 34D) Rubén Calderón to third Miguel González to second Runner from 3rd tries for Home, SAFE, throw made home
|
Batting: RHB Fernando Gálvez
|
0-0: Ball 1-0: Ball 2-0: SINGLE (Groundball, 6M) (infield hit) Miguel González to third Morgan Gibbon to second
|
Batting: RHB William Richardson
|
0-0: Called Strike 0-1: Ball 1-1: Fly out, F3 (Flyball, 3DF)
|
Bottom of the 9th over - 2 run(s), 4 hit(s), 0 error(s), 3 left on base; Baffin Island 16 - So Cal 3 |
|